 Dungeon Crawl Stone Soup version 0.29.0-13-gc9e81de378 (webtiles) character file.

Game seed: 10184055560302196903

941 Ofeo the Digger (level 8, 0/51 (57) HPs)
             Began as a Meteoran Earth Elementalist on Sept 8, 2022.
             Was an Initiate of Ashenzari.
             Slain by a wight
             ... wielding a +2 hand axe of freezing
              (3 damage)
             ... on level 6 of the Dungeon.
             The game lasted 00:06:33 (895 turns).

Ofeo the Digger (Meteoran Earth Elementalist)        Turns: 895, Time: 00:06:34

HP:   0/51 (57)     AC:  3    Str: 10    XL:     8   Next: 60%
MP:   3/17          EV: 14    Int: 25    God:    Ashenzari [......]
Gold: 105           SH:  0    Dex: 14    Spells: 11/17 levels left

rFire   . . .      SeeInvis .   (no weapon)
rCold   . . .      Faith    .   (no shield)
rNeg    . . .      Spirit   .   a - +0 robe
rPois   .          Reflect  .   (no helmet)
rElec   .          Harm     .   (no cloak)
rCorr   .          Rampage  .   j - +0 pair of gloves
Will    +....                   (no boots)
Stlth   +.........              (no amulet)
HPRegen 0.17/turn               c - +6 ring of intelligence
MPRegen 0.15/turn               (no ring)

@: glowing, heavily drained
A: sense surroundings 1, otherworldly, glowing, explore regen
a: Renounce Religion, Curse Item


You were on level 6 of the Dungeon.
You worshipped Ashenzari.
Ashenzari was noncommittal.
You visited 2 branches of the dungeon, and saw 8 of its levels.

You collected 105 gold pieces.

Inventory:

Missiles
 d - 11 poisoned darts
Armour
 a - a +0 robe (worn)
 j - a +0 pair of gloves (worn)
 k - a +3 ring mail
Jewellery
 c - a +6 ring of intelligence (left hand)
Wands
 i - a wand of mindburst (7)
Scrolls
 b - 2 scrolls of identify {unknown}
 e - a scroll of enchant armour {unknown}
 g - a scroll of vulnerability {unknown}
 h - a scroll of teleportation {unknown}
Potions
 f - 2 potions of flight {unknown}
 q - a potion of curing {@q1}


   Skills:
 + Level 5.3 Dodging
 + Level 3.5 Stealth
 + Level 5.4 Spellcasting
 + Level 4.9 Transmutations
 + Level 6.0 Earth Magic


You had 11 spell levels left.
You knew the following spells:

 Your Spells              Type           Power      Damage    Failure   Level
a - Sandblast             Erth           74%        2d16      1%          1
b - Passwall              Tmut/Erth      28%        N/A       1%          2
c - Stone Arrow           Conj/Erth      42%        3d9       7%          3

Your spell library contained the following spells:

 Spells                   Type           Power      Damage    Failure   Level
 Petrify                  Tmut/Erth      34%        N/A       9%          4
 Borgnjor's Revivificati  Necr           3%         N/A       100%        8
 Necromutation            Tmut/Necr      9%         N/A       100%        8
 Death's Door             Necr           3%         N/A       100%        9


Dungeon Overview and Level Annotations

Branches:
Dungeon (7/15) Zot: 3304   Temple (1/1) D:5 Zot: 571

Altars:
Ashenzari
Kikubaaqudgha
Makhleb
Qazlal
Sif Muna
Trog
Uskayaw
Wu Jian
Xom
Ignis

Shops:
D:3 (*


Innate Abilities, Weirdness & Mutations

You passively map a small area around you.
You are easily found by Zot.
You glow in the dark.
You regain HP and MP as you explore.


Message History

Press: ? - help, v - describe, . - travel, g - get item
Here: a wight, wielding a +2 hand axe of freezing and wearing a +0 robe
Items here: a +2 long sword; a +0 robe; a sky beast corpse.
The floor.
Unknown command.
Casting: Sandblast (safe; 1% risk of failure)
Confirm with . or Enter, or press ? or * to list all spells.
Okay, then.
Casting: Sandblast (safe; 1% risk of failure)
Confirm with . or Enter, or press ? or * to list all spells.
Aiming: Stone Arrow (dangerous; 7% risk of failure)
Press: ? - help, Shift-Dir - straight line, f/p - wight
Aim: a wight, wielding a +2 hand axe of freezing and wearing a +0 robe (71% to hit)
The stone arrow hits the wight!
The wight is severely damaged.
The wight hits you with a +2 hand axe of freezing!
You feel drained. The wight freezes you.
You take 13 damage, and have 16/53 hp.
MASSIVE DAMAGE!!
You now have 7/17 mp.
Casting: Stone Arrow (dangerous; 7% risk of failure)
Confirm with . or Enter, or press ? or * to list all spells.
Aiming: Stone Arrow (dangerous; 7% risk of failure)
Press: ? - help, Shift-Dir - straight line, f/p - wight
Aim: a wight, wielding a +2 hand axe of freezing and wearing a +0 robe (severely damaged, 71% to hit)
The stone arrow misses the wight.
The wight barely misses you.
You now have 4/17 mp.
Casting: Stone Arrow (dangerous; 7% risk of failure)
Confirm with . or Enter, or press ? or * to list all spells.
Aiming: Sandblast (safe; 1% risk of failure)
Press: ? - help, Shift-Dir - straight line, f/p - wight
Aim: a wight, wielding a +2 hand axe of freezing and wearing a +0 robe (severely damaged, 84% to hit)
The blast of sand hits the wight.
The wight is almost destroyed.
The wight hits you with a +2 hand axe of freezing!
* * * LOW HITPOINT WARNING * * *
You feel drained.
* * * LOW HITPOINT WARNING * * *
The wight freezes you.
You die...

#.## ##.....##
###..######.......##
*
#..................#*
#...<..............+,
#.#...###..........#
* #...# #.#.......# *
,###.# #.##.....##
**#.# #.###...## * *
, ... ... ##@## ...
### *#z#* , #.#.* *
#.......# * *
#.#####.# , , , ,
,,... , ...,* ,
*,#...#* , * ,##.##
#.., ,


You could see a wight.

Vanquished Creatures
  Duvessa (D:4)
  A water moccasin (D:6)
  An ice beast (D:6)
  A sky beast (D:6)
  2 ogres
  A bullfrog (D:5)
  2 scorpions (D:5)
  A wight (D:6)
  Dowan (D:4)
  A jelly (D:5)
  An iguana (D:5)
  3 gnolls (D:4)
  An adder (D:5)
  An ufetubus (D:4)
  2 endoplasms
  3 giant cockroaches
  4 goblins
  A quokka (D:5)
  2 ball pythons
  4 kobolds
34 creatures vanquished.

Notes
Turn   | Place    | Note
-------+----------+-------------------------------------------
     0 | D:1      | Ofeo the Meteoran Earth Elementalist began the quest for
                  | the Orb.
     0 | D:1      | Reached XP level 1. HP: 14/14 MP: 5/5
    53 | D:1      | Reached XP level 2. HP: 14/20 MP: 1/6
    67 | D:1      | Found a faded altar of an unknown god.
   136 | D:3      | Found Kodgha's Weapon Shoppe.
   204 | D:3      | Found Usuurun's General Store.
   262 | D:4      | Reached XP level 3. HP: 26/26 MP: 5/8
   265 | D:4      | Learned a level 2 spell: Passwall
   269 | D:4      | Learned a level 3 spell: Stone Arrow
   286 | D:4      | Reached skill level 4 in Earth Magic
   288 | D:4      | Reached XP level 4. HP: 33/33 MP: 6/9
   296 | D:5      | Entered Level 5 of the Dungeon
   325 | D:4      | Noticed Duvessa
   325 | D:4      | Noticed Dowan
   336 | D:4      | Killed Duvessa
   337 | D:4      | Reached XP level 5. HP: 38/38 MP: 9/11
   341 | D:4      | Killed Dowan
   342 | D:4      | Reached XP level 6. HP: 45/45 MP: 9/12
   376 | D:4      | Found a stormy altar of Qazlal.
   518 | D:5      | Noticed an ogre
   525 | D:5      | Killed an ogre
   526 | D:5      | Reached skill level 5 in Earth Magic
   526 | D:5      | Reached XP level 7. HP: 50/50 MP: 7/14
   574 | D:5      | Found a staircase to the Ecumenical Temple.
   585 | Temple   | Entered the Ecumenical Temple
   600 | Temple   | Became a worshipper of Ashenzari the Shackled
   711 | D:6      | Noticed a water moccasin
   716 | D:6      | Killed a water moccasin
   717 | D:6      | Reached XP level 8. HP: 53/57 MP: 10/16
   717 | D:6      | Found an ancient bone altar of Kikubaaqudgha.
   762 | D:6      | Reached skill level 5 in Spellcasting
   818 | D:6      | Reached skill level 5 in Dodging
   891 | D:6      | Reached skill level 6 in Earth Magic
   895 | D:6      | Slain by a wight

Illustrated notes

Levels and vault maps discovered:
D:1:      amcnicky_arrival_wind_blow, layout_loops_ring,
          ebering_ecumenical_altar_abandoned
D:2:      layout_rooms
D:3:      layout_basic, gammafunk_temple_overflow_pools, serial_shops,
          nicolae_shop_waterfront, shop, shop, shop_statue,
          nicolae_shop_advertising_works [nicolae_subvault_shop_adworks]
D:4:      layout_basic, grunt_qazlal_sundering, hangedman_feature_mirror,
          uniq_duvessa
D:5:      layout_cave_pools, minmay_temple_entry_ruins
D:6:      layout_loops_corners, nicolae_vehumet_altar_sigil,
          kiku_gazebo_pond_becter, uniq_maggie
D:7:      layout_loops_ring, mainiacjoe_overflow_alcove_2,
          gammafunk_ghost_wrathful_warriors, dk_vineyard_2,
          minmay_misc_feat_cross
Temple:   ebering_untended_altars

Skill      XL: |  1  2  3  4  5  6  7  8 |
---------------+-------------------------+-----
Spellcasting   | 3 4 5 |  5.4
Transmutations | 2 3 4 |  4.9
Earth Magic    | 4 5 6 |  6.0
Dodging        | 3 4 5 |  5.3
Stealth        | 2 3 |  3.5

Action                   |  1- 3 |  4- 6 |  7- 9 || total
-------------------------+-------+-------+-------++-------
Melee: Unarmed           |     3 |     9 |       ||    12
 Cast: Sandblast         |    20 |     7 |    29 ||    56
       Stone Arrow       |       |     2 |     5 ||     7
  Use: Potion            |     1 |     5 |       ||     6
Armor: Robe              |     2 |     1 |     3 ||     6
       Skin              |       |     7 |       ||     7
Dodge: Dodged            |     9 |       |    14 ||    23
